[Event "*** Titled Tuesday Blitz"]
[Site "Chess.com"]
[Date "2020.11.10"]
[Round "1"]
[White "Shivagami"]
[Black "IMRosen"]
[Result "1/2-1/2"]
[WhiteElo "2259"]
[BlackElo "2563"]
[TimeControl "180+1"]
[EndTime "10:08:55 PST"]
[Termination "Game drawn by stalemate"]

1. d4 e5 2. dxe5 Bc5 3. Nf3 d6 4. Bf4 Ne7 5. e3 Nbc6 6. exd6 cxd6 7. Bd3 Be6 8. O-O d5 9. Nc3 O-O 10. a3 a6 11. b4 Ba7 12. Ne2 Ng6 13. Bg3 Bg4 14. Nf4 Nge5 15. Be2 Nc4 16. Qxd5 Nb6 17. Qb3 Qe7 18. c4 Nd7 19. Nd5 Qe4 20. Bd3 Qe6 21. Ng5 Qh6 22. Bxh7+ Kh8 23. Bf4 Qh5 24. Be4 Bb8 25.
h3 Bxf4 26. exf4 Be6 27. Nc7 Nd4 28. Qe3 Rac8 29. Qxd4 Rxc7 30. Nxe6 fxe6 31. Qd6 Rfc8 32. Qxe6 Re8 33. Qf5 Qh6 34. Rfe1 Rf8 35. Qg4 Qxf4 36.
Qh5+ Qh6 37. Qxh6+ gxh6 38. Bd5 Nb6 39. Rad1 Nxc4 40. Bxc4 Rxc4 41. Re6 Rc2 42. Rxh6+ Kg7 43. Rb6 Rfxf2 44. Rxb7+ Rf7 45. Rxf7+ Kxf7 46. Ra1 Ke6 47. a4 Rb2 48. b5 axb5 49. axb5 Rxb5 50. Rf1 Rb3 51. Kh2 Rb2 52. Kg3 Rb3+ 53. Rf3 Rb1 54.
Kh4 Rb2 55. g4 Rg2 56. Kg5 Ra2 57. Re3+ Kf7 58. h4 Kg7 59. Re7+ Kf8 60. Rb7 Kg8 61.
Kh6 Ra6+ 62. Kh5 Ra5+ 63. g5 Ra6 64. g6 Kh8 65. Kh6 Ra8 66. Rf7 Kg8 67. h5 Rd8 68. Rf6 Rc8 69. g7 Rc6 70. Rg6 Rxg6+ 71. Kxg6 1/2-1/2

[Event "*** Titled Tuesday Blitz"]
[Site "Chess.com"]
[Date "2020.11.10"]
[Round "1"]
[White "atalz0"]
[Black "Guriempire"]
[Result "1-0"]
[WhiteElo "2401"]
[BlackElo "2725"]
[TimeControl "180+1"]
[EndTime "10:08:57 PST"]
[Termination "atalz0 won by resignation"]

1. d4 Nf6 2. c4 e6 3. Nc3 Bb4 4. Qc2 O-O 5. e4 d6 6. Bd3 Nc6 7. Ne2 e5 8. d5 Nd4 9. Nxd4 exd4 10. a3 Bxc3+ 11. bxc3 dxc3 12. O-O Re8 13. f3 Nd7 14.
Qxc3 Nc5 15. Bc2 Bd7 16. Bb2 f6 17. Qe3 Qe7 18. Bd4 b6 19. Rae1 Qf7 20. Qf4 Rac8 21.
Qh4 Qg6 22. Rf2 Re7 23. Rfe2 Rce8 24. Kf1 Ba4 25. Bb1 Nb3 26. Bb2 Bd7 27. g4 Qf7 28. e5 Rxe5 29. Qxh7+ Kf8 30. Bg6 Nd2+ 31. Kf2 Qg8 32.
Qxg8+ Kxg8 33. Bxe5 dxe5 34. Rxd2 Rd8 35. Bf5 Be8 36. h4 Kf8 37. h5 Ke7 38. Rh1 Kd6 39. Be4 Bf7 40. Rc2 Kc5 41. h6 g6 42. h7 Rh8 43.
Rh6 Kd4 44. Kg3 Ke3 45. Rch2 f5 46. gxf5 gxf5 47. Bxf5 b5 48. Bg6 bxc4 49. Bxf7 c3 50.
Rg6 e4 51. fxe4 c2 52. Rxc2 Rxh7 53. Rf2 Rh1 54. Rf3+ Kxe4 55. Rg4+ Ke5 56. Be6 Kd6 57. Rgf4 Rg1+ 58. Kf2 Rg5 59. Ke3 Kc5 60. Rf5 Rg4 61. R3f4 Rg3+ 62. Rf3 Rg1 63. Ke4 Re1+ 64. Kf4 Rd1 65. Ke5 Re1+ 66. Kf6 Kd6 67. Rc3 c5 68. dxc6 Rxe6+ 69. Kg5 Re8 70. c7 Rc8 71. Rf6+ Ke7 72.
Rg6 Kd7 73. Rg7+ Kd6 74. a4 a6 75. a5 Kd5 76. Rg6 Ke5 77. Rc1 Kd5 78. Rxa6 Rg8+ 79. Rg6 Rc8 80. Rb6 Ke5 81. Rb8 1-0

[Event "*** Titled Tuesday Blitz"]
[Site "Chess.com"]
[Date "2020.11.10"]
[Round "1"]
[White "MITerryble"]
[Black "dennisodessa"]
[Result "1-0"]
[WhiteElo "2910"]
[BlackElo "2455"]
[TimeControl "180+1"]
[EndTime "10:08:59 PST"]
[Termination "MITerryble won on time"]

1. e4 e6 2. d4 d5 3. exd5 exd5 4. Nf3 Bd6 5. c4 Nf6 6. Nc3 O-O 7. cxd5 Nbd7 8. Bg5 h6 9. Bh4 Nb6 10. Be2 Be7 11.
Bxf6 Bxf6 12. Qb3 Re8 13. O-O Bg4 14. h3 Bh5 15. g4 Bg6 16. Rfe1 Qd6 17. Bf1 Qf4 18.
Bg2 h5 19. Ne2 Qh6 20. Ng3 hxg4 21. hxg4 Qf4 22. Ne5 Bxe5 23. dxe5 Rxe5 24. Rxe5 Qxe5 25. Rc1 Rd8 26. Rd1 Qf4 27. Bf3 Nc4 28. Ne2 Qf6 29. Rd4 Ne5 30. Bg2 Qb6 31. Qc3 f6 32. Ng3 c6 33. d6 c5 34. Rd5 Rxd6 35. Rxd6 Qxd6 36.
Bxb7 Nxg4 37. Qc4+ Bf7 38. Qxg4 Bxa2 39. Bf3 Bf7 40. Nf5 Qf8 41. Nh6+ Kh7 42. Nxf7 Qxf7 43. Qf5+ g6 44. Qxc5 Qa2 45. Qc3 Kh6 46. Kg2 f5 47. Qh8+ Kg5 48. Qd8+ Kf4 49. Qd2+ Ke5 50. Qc3+ Kf4 51.
Qf6 Qb3 52. Qxg6 Qxf3+ 53. Kg1 Qd1+ 54. Kh2 Qe2 55. Qd6+ Ke4 56. Qe6+ Kd3 57. Qxf5+ Kd2 58. Kg3 Kc1 59. Qc5+ Kxb2 60. Qxa7 Qd3+ 61. Qe3 Qg6+ 62.
Kf3 Qf5+ 63. Qf4 Qd5+ 64. Kg4 Qg8+ 65. Qg5 Qc4+ 66. f4 1-0

[Event "*** Titled Tuesday Blitz"]
[Site "Chess.com"]
[Date "2020.11.10"]
[Round "1"]
[White "misterlamine"]
[Black "Aemulus20"]
[Result "0-1"]
[WhiteElo "2270"]
[BlackElo "2587"]
[TimeControl "180+1"]
[EndTime "10:09:03 PST"]
[Termination "Aemulus20 won by resignation"]

1. d4 d5 2. c4 e6 3. Nc3 Be7 4. Nf3 Nf6 5. Bg5 O-O 6. e3 c6 7. Rc1 b6 8. cxd5 exd5 9. Bd3 Ba6 10. O-O Bxd3 11. Qxd3 Ne4 12. Bxe7 Qxe7 13. Ne5 f6 14. Nxe4 fxe5 15. Ng3 e4 16. Qb3 Rf6 17. Ne2 Nd7 18. Nf4 Qd6 19. Rc2 Raf8 20. Rfc1 Nb8 21. a4 g5 22. Nh5 R6f7 23. Ng3 Kh8 24. Qc3 Rc7 25. b4 Na6 26. Rb1 Nb8 27. b5 Rfc8 28. Rbc1 Kg8 29.
Qb3 Kf8 30. bxc6 Rxc6 31. Rxc6 Rxc6 32. Rxc6 Nxc6 33. h3 Na5 34. Qd1 Qe6 35. Qh5 h6 36. Qe2 Nc4 37. Qa2 a5 38. Qb3 Qc6 39. Qa2 Kf7 40.
Qb3 Kg6 41. Kh2 h5 42. Ne2 Qd6+ 43. Kg1 Qb4 44. Qc2 Qe1+ 45. Kh2 Qd2 46. Qxd2 Nxd2 47. Nc3 Nc4 48. Nxd5 Kf7 49. Nc3 Nb2 50. f3 Ke6 51. fxe4 Nc4 52. e5 Nxe3 53. Kg3 Nd5 54. Kf3 Nxc3 55.
Ke3 Nd5+ 56. Ke4 Nc7 57. d5+ Nxd5 58. Kd4 Nc7 59. Kc4 b5+ 60. axb5 Kxe5 61. b6 Na6 62. Kb3 Kd6 63. b7 Kc7 64. Ka4 Kxb7 65. Kxa5 Nc7 66. Kb4 Kc6 67. Kc4 Kd6 68. Kd4 Ke6 69. Ke4 Kf6 70.
h4 g4 71. Kf4 Ne6+ 72. Ke4 Ng7 73. Kf4 Nf5 74. Ke4 Nxh4 75. Kf4 Nxg2+ 76. Kg3 Nh4 77. Kxh4 Kg6 78. Kg3 Kg5 79. Kg2 h4 80. Kh2 Kf4 81.
Kg2 g3 82. Kh3 Kf3 83. Kxh4 g2 84. Kh3 g1=Q 0-1

[Event "*** Titled Tuesday Blitz"]
[Site "Chess.com"]
[Date "2020.11.10"]
[Round "1"]
[White "yourstrulyme"]
[Black "Matibar"]
[Result "0-1"]
[WhiteElo "2396"]
[BlackElo "2756"]
[TimeControl "180+1"]
[EndTime "10:09:07 PST"]
[Termination "Matibar won by checkmate"]

1. d4 Nf6 2. Nf3 g6 3. Bg5 Bg7 4. Nbd2 d5 5. e3 O-O 6. Bd3 b6 7. O-O c5 8. c3 Bb7 9. a4 Nc6 10.
h3 Nd7 11. Qb1 Qe8 12. b4 cxb4 13. cxb4 e5 14. b5 Na5 15. dxe5 Nxe5 16. Nxe5 Qxe5 17. Nf3 Qxa1 18. Qxa1 Bxa1 19. Rxa1 f6 20. Bf4 Rac8 21. Nd4 Kf7 22. Kf1 Rc3 23. Ke2 Rfc8 24. h4 Nb3 25.
Nxb3 Rxb3 26. a5 Rb2+ 27. Kf3 d4+ 28. Kg3 Rc3 29. axb6 Rxd3 30. Rxa7 Rxb5 31. Rxb7+ Ke6 32. Rxh7 Rdb3 33. Bc7 d3 34. Rh8 d2 35. Re8+ Kf7 36. Rd8 Rb2 37. Kf3 Ra5 38. g4 Ra1 39. Rxd2 Rxd2 40. b7 Rb1 41. b8=Q Rxb8 42. Bxb8 Rb2 43. Bf4 Ke6 44. h5 g5 45. Bg3 Rb4 46. e4 Rb3+ 47. Ke2 Rb2+ 48. Ke3 Rb3+ 49. Kd4 Rf3 50. Kc4 Ra3 51.
Kd4 Ra1 52. Kc4 Rd1 53. Kc3 Rd8 54. Kc4 Rd7 55. Kc3 Rd1 56. Kc4 Kd7 57. e5 fxe5 58. Bxe5 Ke6 59. Bg3 Kf6 60. Kc3 Ke6 61. Kc4 Rd8 62. Kc3 Kd5 63. Kd3 Ra8 64. Ke3 Ra3+ 65. Ke2 Ke4 66. h6 Ra2+ 67. Kf1 Ra6 68. Kg2 Rxh6 69.
Bc7 Rc6 70. Bg3 Rc3 71. Bh2 Rf3 72. Bg3 Rf7 73. Bh2 Kd3 74. Bg3 Ke2 75. Kg1 Kf3 76.
Kf1 Re7 77. Bh2 Rh7 78. Bg3 Rh1# 0-1

[Event "*** Titled Tuesday Blitz"]
[Site "Chess.com"]
[Date "2020.11.10"]
[Round "1"]
[White "LaStreetCmaMaison"]
[Black "gumimis"]
[Result "1-0"]
[WhiteElo "2564"]
[BlackElo "2223"]
[TimeControl "180+1"]
[EndTime "10:09:10 PST"]
[Termination "LaStreetCmaMaison won by checkmate"]

1. e4 c5 2. Nf3 d6 3. d4 cxd4 4. Qxd4 Nc6 5. Qe3 e5 6. h3 Be7 7. Nc3 Be6 8. Bd2 a6 9. Be2 h6 10. g4 Nf6 11. g5 Nh5 12. O-O-O Nf4 13. Rdg1 hxg5 14. h4 g4 15. Ng5 Bxg5 16. hxg5 Rxh1 17. Rxh1 Ng6 18. Nd5 Nd4 19. Bd1 Bxd5 20. exd5 Qc7 21.
Bc3 O-O-O 22. Bxg4+ Kb8 23. Bxd4 exd4 24. Qxd4 Ne5 25.
Bd1 Qa5 26. a3 Rc8 27. f4 Nc4 28. Bg4 Rc5 29. Rh8+ Ka7 30. Re8 Qb6 31. Be2 Rc7 32. Qxb6+ Kxb6 33. Bxc4 Rxc4 34. Re7 Rxf4 35. Kd2 Rf5 36.
Ke3 Rxd5 37. g6 fxg6 38. Rxg7 Rg5 39. Kd4 Rg2 40. c4 g5 41. b4 g4 42. Rg6 Kc7 43.
Rg7+ Kc6 44. Rg6 g3 45. c5 Kc7 46. cxd6+ Kd7 47. Kc5 Rc2+ 48. Kb6 g2 49. Kxb7 Ra2 50.
Kxa6 Rxa3+ 51. Kb6 Ra2 52. b5 Rb2 53. Kc5 Rc2+ 54.
Kb6 Rb2 55. Ka6 Ra2+ 56. Kb7 Rb2 57. b6 Ra2 58. Kb8 Rb2 59. b7 Ra2 60. Rg7+ Kxd6 61. Rg8 Rb2 62. Kc8 Rc2+ 63. Kb8 Ra2 64. Kc8 Rc2+ 65.
Kd8 Rb2 66. Rg6+ Kc5 67. Kc7 Rb6 68. Rg5+ Kd4 69. Kxb6 g1=Q 70. Rxg1 Kd5 71. b8=Q Ke6 72. Re1+ Kf7 73. Qf4+ Kg6 74. Rg1+ Kh5 75. Qh2# 1-0

[Event "*** Titled Tuesday Blitz"]
[Site "Chess.com"]
[Date "2020.11.10"]
[Round "1"]
[White "Hasangatin_Ramil"]
[Black "wanyaland"]
[Result "1-0"]
[WhiteElo "2576"]
[BlackElo "2250"]
[TimeControl "180+1"]
[EndTime "10:09:17 PST"]
[Termination "Hasangatin_Ramil won on time"]

1. e4 c5 2. Nf3 e6 3. g3 a6 4.
Bg2 d6 5. O-O Nc6 6. c3 Nf6 7.
Re1 Be7 8. d4 cxd4 9. cxd4 e5 10. d5 Nb8 11. Nc3 O-O 12. Nd2 Nbd7 13. Nb3 Re8 14.
Be3 b5 15. a4 b4 16. Nb1 a5 17. N1d2 Ba6 18. Rc1 Bf8 19. Nc4 Bxc4 20. Rxc4 Nb6 21. Rc6 Nxa4 22. Qa1 Nc5 23. Nxc5 dxc5 24. Bxc5 Bxc5 25.
Rxc5 a4 26. Rec1 Qb6 27. Rc6 Qd4 28. Rd1 Qa7 29. d6 Red8 30. Qa2 Ng4 31. Rd2 Rac8 32. Rxc8 Rxc8 33. Bh3 h5 34. Kg2 Rd8 35. Bxg4 hxg4 36. Qd5 a3 37. bxa3 bxa3 38. Qxe5 a2 39. Qa1 Qb7 40. Re2 Rxd6 41. Qxa2 Rd3 42. Qc4 Qd7 43. Qc5 g6 44. Qe5 Rd1 45. Qf4 Kg7 46. e5 Qd5+ 47. Qe4 Qxe4+ 48. Rxe4 Rd5 49. Kf1 Kf8 50. Ke2 Ke7 51.
Ke3 Ke6 52. Rxg4 Kf5 53. Rf4+ Ke6 54. Rf6+ Ke7 55. f4 Rd1 56. h4 Rg1 57. Kf3 Ra1 58. Kg4 Ra3 59. Rd6 Kf8 60. Rf6 Ke7 61. Rb6 Kf8 62.
Rb7 Ke8 63. Rc7 Kf8 64. Kg5 Rxg3+ 65. Kf6 Kg8 66. Rc8+ Kh7 67. Rc7 Rg4 68. Rxf7+ Kh6 69. Ke7 Rxh4 70. e6 Rh1 71. Kf8 Re1 72. e7 1-0

[Event "*** Titled Tuesday Blitz"]
[Site "Chess.com"]
[Date "2020.11.10"]
[Round "1"]
[White "tsaruk_maks"]
[Black "VinzentSpitzl"]
[Result "1/2-1/2"]
[WhiteElo "2616"]
[BlackElo "2312"]
[TimeControl "180+1"]
[EndTime "10:09:18 PST"]
[Termination "Game drawn by repetition"]

1. e4 c5 2. Nf3 d6 3. d4 cxd4 4. Nxd4 Nf6 5. Nc3 a6 6. g3 e5 7. Nb3 Be6 8. Bg2 Nbd7 9. O-O Be7 10. a4 O-O 11. Re1 Rc8 12. h3 Qc7 13. Nd2 Nb6 14. a5 Nc4 15. Nxc4 Bxc4 16. Bg5 Rfd8 17. Bxf6 Bxf6 18. Nd5 Bxd5 19. Qxd5 Qc6 20. Qxc6 Rxc6 21. c3 h5 22. h4 Kf8 23. Red1 Ke7 24. Ra4 Rc5 25. Bf1 d5 26. exd5 Rcxd5 27. Rxd5 Rxd5 28.
Rb4 Rd7 29. Bg2 Kd6 30. Bxb7 Bd8 31. Bc8 Ra7 32. Ra4 Kc5 33. Ra1 Bc7 34. Kg2 Kc4 35. Bd7 Kb3 36. Be8 f6 37. Bxh5 Kxb2 38. Rd1 Kxc3 39. Rd7 Bb6 40. Rxa7 Bxa7 41. Be2 Kb4 42.
Bxa6 Kxa5 43. Bc8 Kb6 44. Kf3 Kc7 45. Bf5 Kd6 46. Kg2 Ke7 47. f3 Kf7 48. h5 Bc5 49. Kh3 Bd4 50. Kg4 Bc5 51. Be4 Bf2 52. Kf5 Bxg3 53.
Bd5+ Kf8 54. Kg6 Bf4 55. Kf5 Bh6 56. Ba2 Ke7 57. Bc4 Kd6 58. Ba6 Kc5 59. Bb7 Kd4 60. Ba8 Ke3 61. Be4 Kf2 62. Ba8 Kg3 63. Bd5 Kh4 64. Bf7 Kg3 65. Bd5 Kf2 66. Be4 Ke3 67.
Bc6 Kd4 68. Be8 Kc5 69. Bf7 Kd6 70. Bc4 Ke7 71. Bd5 Kd7 72. Be4 Ke7 73. Ba8 Kd6 74.
Be4 Kc5 75. Ba8 Kd4 76. Be4 Kc5 77. Ba8 Kd6 78. Be4 Ke7 79. Ba8 Kf8 80. Be4 Kg8 81. Ba8 Kh7 82. Be4 Bd2 83. Kg4+ Kh6 84. Bg6 Be3 85.
Kf5 Bd2 86. Kg4 Bg5 87. Kf5 Bf4 88. Kg4 Bg5 89. Kf5 Bf4 90. Kg4 Bg5 1/2-1/2

[Event "*** Titled Tuesday Blitz"]
[Site "Chess.com"]
[Date "2020.11.10"]
[Round "1"]
[White "NovakCabarkapa"]
[Black "MaxLeto"]
[Result "1/2-1/2"]
[WhiteElo "2731"]
[BlackElo "2392"]
[TimeControl "180+1"]
[EndTime "10:09:25 PST"]
[Termination "Game drawn - timeout vs insufficient material"]

1. d4 d5 2. Nc3 Nf6 3. Bf4 Bf5 4. f3 e6 5. Qd2 c5 6. Nb5 Na6 7. e3 Be7 8. g4 Bg6 9. h4 h5 10. g5 Nd7 11. c3 Qb6 12. a4 O-O 13. Nh3 Rfe8 14. Bh2 cxd4 15. exd4 Bf5 16. Nf4 g6 17.
Bd3 Bf8 18. O-O Qc6 19. Bxf5 exf5 20. Nd3 Re6 21. b3 Rae8 22. Rae1 Qb6 23. Nf4 Rxe1 24.
Rxe1 Rxe1+ 25. Qxe1 Qc6 26. Nxa7 Qb6 27. Nb5 Qc6 28.
Qe8 Kg7 29. Nd3 Qe6 30. Qxe6 fxe6 31. Kf2 Nab8 32. Bxb8 Nxb8 33. Nc5 Bxc5 34. dxc5 Kf7 35. Nd6+ Ke7 36. Nxb7 Kd7 37. b4 Kc6 38. Na5+ Kd7 39. b5 e5 40. c6+ Kd6 41. Nb7+ Kc7 42. Nc5 Kd6 43. Nb7+ Kc7 44. a5 e4 45. Ke3 Nxc6 46. bxc6 Kxc6 47. Nd6 Kxd6 48. fxe4 dxe4 49. Kd4 Kc6 50. c4 Kc7 51. c5 Kc6 52. a6 Kc7 53. Ke3 Kc6 54. Kf4 Kc7 55. Ke3 Kc6 56. Kd4 Kc7 57.
Kc4 Kc6 58. a7 Kb7 59. Kd5 e3 60. c6+ Kxa7 61. Kd6 e2 62. c7 e1=Q 63. c8=Q Qd2+ 64. Ke6 Qe3+ 65. Kf6 f4 66. Qc7+ Ka6 67. Qc6+ Ka5 68. Kxg6 f3 69. Qf6 f2 70. Kh7 Qd3+ 71. g6 f1=Q 72.
Qxf1 Qxf1 73. g7 Qf7 74. Kh8 Qf6 75. Kh7 Qf5+ 76. Kh8 Qe5 77. Kh7 Qe4+ 78. Kh8 Qd4 79. Kh7 Qd7 80. Kh8 Qd4 81. Kh7 Qd3+ 82. Kh6 Qd4 83.
g8=Q Qxh4 84. Qg5+ Qxg5+ 85. Kxg5 Kb4 86. Kh4 1/2-1/2

[Event "*** Titled Tuesday Blitz"]
[Site "Chess.com"]
[Date "2020.11.10"]
[Round "1"]
[White "SergeyShtyka"]
[Black "tdf98pantani"]
[Result "0-1"]
[WhiteElo "2383"]
[BlackElo "2738"]
[TimeControl "180+1"]
[EndTime "10:09:28 PST"]
[Termination "tdf98pantani won on time"]

1. e4 e5 2. Nf3 Nc6 3. Nc3 Nf6 4. Bb5 Bd6 5. O-O O-O 6. d3 h6 7. h3 Re8 8. Be3 Bf8 9. a3 d6 10. Bc4 Be6 11. Bxe6 fxe6 12. d4 exd4 13. Nxd4 Nxd4 14.
Bxd4 e5 15. Be3 Qd7 16. Qf3 Qf7 17. Rad1 g6 18. Nd5 Nxd5 19. Qxf7+ Kxf7 20. Rxd5 Ke6 21. f3 c6 22. Rd3 d5 23. c3 Red8 24. Rfd1 b6 25. Kf2 Rd7 26. Ke2 Rad8 27. R3d2 b5 28. Rd3 a5 29. R3d2 Rc8 30. Rd3 b4 31. axb4 axb4 32. Ra1 bxc3 33. bxc3 Rb7 34. exd5+ cxd5 35. Ra6+ Bd6 36. Bxh6 Rb2+ 37. Rd2 Rb3 38. c4 d4 39. g4 Kd7 40. Ra7+ Ke6 41. Ra6 Rc3 42. Rb2 Kd7 43. Ra7+ Rc7 44. Rxc7+ Kxc7 45. h4 Rxc4 46. Ra2 Rc3 47.
Ra7+ Kc6 48. Rg7 d3+ 49. Kd1 Rb3 50. Rxg6 Kd5 51. Rg8 Bb4 52. Bc1 Rb1 53. Rd8+ Kc4 54. Rc8+ Kd4 55. Rd8+ Kc4 56. Rc8+ Kb3 57. h5 d2 58. h6 dxc1=Q+ 59. Rxc1 Rb2 60. h7 Rd2+ 61. Ke1 Rh2+ 62. Kf1 Rxh7 63. Rc6 Bc3 64. Kg2 Rf7 65. Re6 Kc4 66. Kg3 Kd5 67. Re8 Be1+ 68. Kg2 Bc3 69.
Rd8+ Ke6 70. Rc8 Bd4 71. Rc6+ Kd5 72. Ra6 Rb7 73. Ra5+ Ke6 74. Ra2 Kf6 75. Re2 Rb6 76. Rc2 Kg5 77. Re2 Rb2 78. Rxb2 Bxb2 79. Kf2 Bc1 80. Ke2 Kf4 81. Kf2 Be3+ 82. Ke2 Bd4 83. Kd3 Kxf3 84. g5 Ba1 85. g6 e4+ 0-1

[Event "*** Titled Tuesday Blitz"]
[Site "Chess.com"]
[Date "2020.11.10"]
[Round "1"]
[White "ErikRonka"]
[Black "Sankalp_Gupta2003"]
[Result "1-0"]
[WhiteElo "2389"]
[BlackElo "2704"]
[TimeControl "180+1"]
[EndTime "10:09:57 PST"]
[Termination "ErikRonka won by checkmate"]

1. e4 c6 2. Nf3 d5 3. d3 dxe4 4.
dxe4 Qxd1+ 5. Kxd1 f6 6. Be3 Bg4 7. Nd2 e5 8. Be2 Nd7 9. Ne1 Be6 10. Nd3 Ne7 11. c3 Nc8 12. Kc2 a5 13. a4 Ncb6 14. b3 Bd6 15. g3 Ke7 16. f4 Rad8 17. f5 Bf7 18. g4 Na8 19. h4 Nc7 20. g5 Na6 21. h5 Ndc5 22. g6 hxg6 23. hxg6 Rxh1 24. Rxh1 Bg8 25. Nf2 Bc7 26. Nd3 Bb6 27. Nxc5 Nxc5 28. Nc4 Bxc4 29. Bxc5+ Bxc5 30. Bxc4 Be3 31. Bd3 Kd6 32.
Bc4 Kc7 33. Rh7 Rd2+ 34. Kb1 Rd1+ 35. Kb2 Rd2+ 36. Ka3 Rc2 37. Rxg7+ Kb6 38. b4 Bc1+ 39. Kb3 Rb2+ 40. Ka3 Rxb4+ 41. Ka2 Rxc4 42. Rxb7+ Kxb7 43. g7 Rxa4+ 44. Kb1 Bg5 45. g8=Q Rxe4 46. Qf7+ Kb6 47. Qb3+ Ka6 48. Qd1 Re3 49. Kb2 Kb6 50. Qd8+ Kb5 51. Qd6 a4 52. Qb4+ Ka6 53. Qxa4+ Kb6 54.
Qb4+ Kc7 55. Qa5+ Kd6 56. Qb4+ Kd7 57. Qb7+ Kd6 58. Kb3 e4 59. Qb8+ Kd5 60. Qd8+ Ke5 61.
Qd7 Rd3 62. Qe6+ Kf4 63. Qxc6 Ke3 64. Qe6 Kf3 65. Ka4 Rxc3 66. Qd5 Rd3 67. Qc4 Kf4 68. Qc7+ Kxf5 69. Qc2 Ke5 70. Qh2+ Bf4 71. Qg2 f5 72. Qb2+ Rd4+ 73. Kb5 Be3 74. Qb1 Kf4 75. Qf1+ Kg5 76. Qg2+ Kf6 77. Qe2 Rd5+ 78. Kc6 Rc5+ 79. Kd6 Bd4 80.
Qd2 Rc4 81. Qh6+ Kf7 82. Qh7+ Bg7 83. Qxf5+ Bf6 84. Qd5+ Kg6 85. Qxc4 Kf5 86. Qe2 Kf4 87. Kd5 e3 88. Kc4 Bg5 89. Kd3 Kg3 90. Qe1+ Kf3 91.
Qe2+ Kf4 92. Qxe3+ Kf5 93. Qe4+ Kf6 94. Kd4 Kg7 95.
Kd5 Kh6 96. Ke6 Kh5 97. Kf5 Bd8 98. Qg4+ Kh6 99. Qg6# 1-0

[Event "*** Titled Tuesday Blitz"]
[Site "Chess.com"]
[Date "2020.11.10"]
[Round "1"]
[White "denispopov"]
[Black "woodhy"]
[Result "1-0"]
[WhiteElo "1795"]
[BlackElo "2450"]
[TimeControl "180+1"]
[EndTime "10:12:37 PST"]
[Termination "denispopov won by checkmate"]

1. e4 e6 2. b3 d5 3. Bb2 Nf6 4. e5 Nfd7 5. Qg4 c5 6. f4 Nc6 7.
Nf3 h5 8. Qg3 g6 9. Na3 Qa5 10. c3 a6 11. Nc2 b5 12. a3 Bb7 13.
b4 Qb6 14. d4 cxd4 15. Ncxd4 a5 16. Bxb5 axb4 17. axb4 Rxa1+ 18. Bxa1 Nxd4 19. Nxd4 Be7 20. Qd3 Bc8 21. O-O O-O 22. Bb2 Nb8 23. Ra1 Bb7 24.
g3 Rc8 25. Kg2 Nc6 26. Bxc6 Bxc6 27. Qa6 Qxa6 28. Rxa6 Ra8 29. Rxa8+ Bxa8 30. Kf2 Kf8 31. Bc1 Ke8 32. Be3 Kd7 33. Nb3 Bc6 34. Bc5 Bd8 35.
Nd4 Ba4 36. Ke3 f6 37. Nf3 Bc2 38. Bd4 f5 39. Bc5 Be4 40. Nd4 h4 41. Kf2 hxg3+ 42. hxg3 g5 43. Ke3 Bb1 44. Nb5 gxf4+ 45. gxf4 Bh4 46.
Nd4 Be1 47. Nb5 Ba2 48. Bd4 Bg3 49. Nd6 Bh2 50. Kf3 Bb1 51. b5 Bd3 52. b6 Ba6 53. Be3 Kc6 54. Kg2 Bxf4 55. Bxf4 Kxb6 56. Be3+ Kc6 57.
Kf3 Bf1 58. Bd4 Bd3 59. Kf4 Be2 60. Nf7 Kd7 61. Ng5 Bd3 62. Nf3 Be4 63. Nd2 Bb1 64. Kg5 Ba2 65. Nf1 Ke7 66. Ne3 Kf7 67.
Ng2 Bc4 68. Nf4 Bb5 69. Nh5 Bd7 70. Kf4 Bb5 71. Ng3 Kg6 72. Nh1 Bc4 73. Nf2 Bb5 74.
Nd1 Bc4 75. Ne3 Bb5 76. Bc5 Bc6 77. Be7 Kf7 78. Bh4 Bb5 79. Kf3 Kg6 80. Bg3 Kg5 81.
Bf4+ Kg6 82. Nc2 Bc4 83. Nd4 Kf7 84. Ke3 Ba2 85. Kd2 Bb1 86. Kc1 Bd3 87. Kb2 Bc4 88. Ka3 Ke7 89. Kb4 Kd7 90. Kc5 Bd3 91. Nc6 Bc4 92. Na5 Bd3 93. c4 dxc4 94. Nxc4 Be4 95. Nb6+ Kc7 96. Bg5 Bb1 97. Nc4 Ba2 98. Nd6 Kd7 99.
Nf7 Ke8 100. Nd6+ Kd7 101. Nb5 Bb1 102. Nd4 Bd3 103. Kb6 Be4 104. Nb3 Bd5 105. Nc5+ Kc8 106. Kb5 Kc7 107. Kb4 Kc6 108. Nd3 Ba2 109. Nf4 Kb6 110. Be7 Kc6 111. Bc5 Kc7 112. Bd4 Kc6 113. Kc3 Kb5 114. Kd3 Bc4+ 115. Ke3 Kb4 116. Ba7 Kb5 117. Kf3 Ka6 118. Bd4 Kb5 119. Kg3 Kc6 120. Kh4 Kd7 121. Kg5 Ke7 122. Kg6 Bb3 123. Bc5+ Kd7 124. Kf6 Ba2 125. Be3 Bc4 126. Ng6 Kc6 127. Nf8 Kd5 128. Ng6 Ke4 129. Bg5 Bd5 130. Nf4 Ba2 131. Nxe6 f4 132. Nxf4 Bb3 133. Ng6 Kd5 134. Bd2 Kc6 135. Bb4 Kd7 136. Bd6 Ba2 137. Nf8+ Ke8 138. Ne6 Kd7 139. Nc5+ Kc6 140. Kf5 Kd5 141. Kf4 Kc6 142. Ke4 Bf7 143. Kd4 Bg8 144. Nd3 Bf7 145. Nb4+ Kd7 146. Kc5 Be6 147. Nd5 Bh3 148. Nf4 Bf5 149. Kd5 Bg4 150. Kc5 Bf5 151. Nd5 Be6 152. Nf6+ Kd8 153. Kc6 Kc8 154. Bc5 Kd8 155. Kd6 Bh3 156. Bb6+ Kc8 157. Nd5 Bd7 158. Ba5 Bf5 159. Ne7+ Kb7 160. Nxf5 Kc8 161. e6 Kb7 162. e7 Ka6 163. e8=Q Kb7 164. Qc6+ Ka7 165. Qb5 Ka8 166. Kc7 Ka7 167. Qb7# 1-0

[Event "*** Titled Tuesday Blitz"]
[Site "Chess.com"]
[Date "2020.11.10"]
[Round "2"]
[White "anon481216"]
[Black "Campelov"]
[Result "1-0"]
[WhiteElo "2402"]
[BlackElo "2152"]
[TimeControl "180+1"]
[EndTime "10:13:47 PST"]
[Termination "anon481216 won by resignation"]

1. d4 Nf6 2. c4 g6 3. Nc3 Bg7 4. e4 d6 5. Be2 O-O 6. Bg5 e5 7.
dxe5 dxe5 8. Qxd8 Rxd8 9. Nd5 Rd6 10. Nxc7 Nxe4 11. Be3 1-0

[Event "*** Titled Tuesday Blitz"]
[Site "Chess.com"]
[Date "2020.11.10"]
[Round "2"]
[White "grandcoach"]
[Black "grunbergmihai"]
[Result "0-1"]
[WhiteElo "2100"]
[BlackElo "2469"]
[TimeControl "180+1"]
[EndTime "10:14:23 PST"]
[Termination "grunbergmihai won by resignation"]

1. e4 Nf6 2. e5 Nd5 3. d4 d6 4. Nf3 dxe5 5. Nxe5 c6 6. Bc4 Nd7 7. Nxf7 Kxf7 8. Nc3 Nf6 9. Ne4 Nxe4 10. Qh5+ g6 11. Qe5 Nf6 0-1

[Event "*** Titled Tuesday Blitz"]
[Site "Chess.com"]
[Date "2020.11.10"]
[Round "2"]
[White "Salem-AR"]
[Black "Savagelittlemole"]
[Result "1-0"]
[WhiteElo "2924"]
[BlackElo "2581"]
[TimeControl "180+1"]
[EndTime "10:14:38 PST"]
[Termination "Salem-AR won by resignation"]

1. d4 Nf6 2. c4 e6 3. Nf3 d5 4. Nc3 Bb4 5. Bg5 h6 6. Bxf6 Qxf6 7. e3 O-O 8. Rc1 b6 9. cxd5 exd5 10. a3 Be7 11. Nxd5 Qe6 12. Nxc7 Qd7 13. Ne5 Qd8 14. Nxa8 1-0

[Event "*** Titled Tuesday Blitz"]
[Site "Chess.com"]
[Date "2020.11.10"]
[Round "2"]
[White "Tenamu"]
[Black "fm_magua"]
[Result "0-1"]
[WhiteElo "2304"]
[BlackElo "2584"]
[TimeControl "180+1"]
[EndTime "10:15:01 PST"]
[Termination "fm_magua won by checkmate"]

1. d4 Nf6 2. Nc3 g6 3. e4 d6 4. Nf3 Bg7 5. Be2 O-O 6. O-O c5 7. dxc5 dxc5 8. Qxd8 Rxd8 9. Be3 b6 10. e5 Nd5 11. Rad1 Bb7 12. Bc4 e6 13. Nb5 Na6 14.
Nd6 Nxe3 15. fxe3 Bxf3 16. Rxf3 Nb4 17. Rxf7 Bxe5 18. Bxe6 Bxd6 19. Rxa7+ Kh8 20. Rxa8 Rxa8 21. Rxd6 Nxc2 22. Rxb6 Nxe3 23. a3 Re8 24. a4 Nd1 25. Bd5 Re1# 0-1

[Event "*** Titled Tuesday Blitz"]
[Site "Chess.com"]
[Date "2020.11.10"]
[Round "2"]
[White "mapleaff"]
[Black "BillCoe"]
[Result "1-0"]
[WhiteElo "2378"]
[BlackElo "2064"]
[TimeControl "180+1"]
[EndTime "10:15:11 PST"]
[Termination "mapleaff won by resignation"]

1. e4 c5 2. Nf3 e6 3. g3 Nc6 4.
Bg2 g6 5. O-O Bg7 6. c3 Nge7 7.
d4 cxd4 8. cxd4 d6 9. Nc3 O-O 10. h4 h6 11. Be3 a6 12. Qd2 Kh7 13. d5 exd5 14. Nxd5 Nxd5 15. exd5 Ne7 16. Rac1 Qa5 17. Qxa5 1-0

[Event "*** Titled Tuesday Blitz"]
[Site "Chess.com"]
[Date "2020.11.10"]
[Round "2"]
[White "swimmerchess"]
[Black "dpopadic"]
[Result "1-0"]
[WhiteElo "2841"]
[BlackElo "2346"]
[TimeControl "180+1"]
[EndTime "10:15:16 PST"]
[Termination "swimmerchess won by checkmate"]

1. e4 c5 2. Nf3 Nc6 3. Nc3 e5 4.
Bc4 Be7 5. d3 Nf6 6. O-O O-O 7.
Ng5 h6 8. f4 hxg5 9. fxg5 Ne8 10.
g6 Nd6 11. Qh5 Nxc4 12. Qh7# 1-0

[Event "*** Titled Tuesday Blitz"]
[Site "Chess.com"]
[Date "2020.11.10"]
[Round "2"]
[White "klimkoj"]
[Black "Nuvas"]
[Result "1-0"]
[WhiteElo "2635"]
[BlackElo "2314"]
[TimeControl "180+1"]
[EndTime "10:15:55 PST"]
[Termination "klimkoj won by resignation"]

1. e4 e5 2. Nf3 Nc6 3. Bb5 a6 4. Ba4 Nf6 5. O-O Nxe4 6. d4 b5 7.
Bb3 d5 8. dxe5 Be6 9. Qe2 Be7 10. Rd1 O-O 11. c4 bxc4 12. Bxc4 Bc5 13. Be3 Bxe3 14. Qxe3 Qb8 15. Bb3 Na5 16. Nbd2 c5 17. Nxe4 Nxb3 18.
Nf6+ gxf6 19. exf6 Kh8 20. Qh6 Rg8 21. Ng5 Rxg5 22.
Qxg5 Qg8 23. Qxg8+ Rxg8 24. axb3 d4 25. b4 1-0

[Event "*** Titled Tuesday Blitz"]
[Site "Chess.com"]
[Date "2020.11.10"]
[Round "2"]
[White "exoticprincess"]
[Black "Harry_Rakkel"]
[Result "1-0"]
[WhiteElo "2872"]
[BlackElo "2561"]
[TimeControl "180+1"]
[EndTime "10:15:57 PST"]
[Termination "exoticprincess won by resignation"]

1. e4 c5 2. d4 cxd4 3. c3 dxc3 4.
Nxc3 Nc6 5. Nf3 e6 6. Bc4 a6 7.
O-O d6 8. Re1 Qc7 9. Bf4 Ne5 10.
Bb3 Nf6 11. Rc1 Qb8 12. Na4 Nfd7 13. Nd4 b5 14. Bxe6 bxa4 15. Bd5 Bb7 16. Qxa4 Ra7 17.
Bxe5 dxe5 18. Bxf7+ Kd8 19. Nf5 g6 20. Qa5+ 1-0